[Event "46th OKU-B 2019"]
[Site "Utrecht"]
[Date "2019.05.31"]
[Round "1.1"]
[White "De Vroome, Ernest"]
[Black "Waardenburg, Marlinde"]
[Result "1/2-1/2"]
[ECO "B02"]
[WhiteElo "1893"]
[BlackElo "1706"]
[Annotator "NA RC"]
[PlyCount "65"]
[EventDate "2019.05.31"]
[EventType "swiss"]
[EventCountry "NED"]
[SourceTitle "playchess.com"]
[Source "ChessBase"]
[SourceQuality "1"]
[TimeControl "6600+10"]

1. e4 Nf6 2. Nc3 d5 3. e5 Nfd7 4. e6 fxe6 5. d4 c5 6. Nf3 Nc6 7. Bf4 {[%emt 0:06:33] B02: Alekhine's Defence: Chase Variation and lines with early Nc3} (7. dxc5 Nxc5 8. Be3 Qa5 9. Qd2 g6 10. Bb5 Nd7 11. Nd4 Nde5 12. Bf4 Nc4 13. Bxc4 dxc4 14. Nxc6 bxc6 15. Qd4 {1-0 (29) Salem,A (2660)-Predke,A (2622) St Petersburg 2018}) 7... a6 8. Ne5 $146 ({Predecessor:} 8. Qd2 cxd4 9. Nxd4 Nxd4 10. Qxd4 Qb6 11. Be3 Qxd4 12. Bxd4 e5 13. Nxd5 exd4 14. Nc7+ Kd8 {1-0 (52) Krzesinski,P (1832)-Goldt,R (1993) Frankfurt 2011}) 8... Ndxe5 9. dxe5 g6 10. Bg3 Bg7 11. f4 Qa5 12. Qd2 Bh6 13. Nb1 Qxd2+ 14. Nxd2 Rf8 15. Bf2 Bxf4 16. Bxc5 Bxe5 17. O-O-O Bd7 18. Bb6 (18. Nf3 {was called for.}) 18... Rc8 19. Nf3 Bf6 20. Kb1 Ne5 21. Nxe5 Bxe5 22. Be2 Rf4 23. a3 Rc6 24. Bg1 b5 25. c3 Rc8 26. g3 Rf8 27. Bd4 Bf6 28. Rhe1 (28. Be3 $142) 28... e5 29. Bg1 e6 30. Bf1 $19 Rb8 31. Bc5 Be7 32. Bxe7 Kxe7 33. Rxe5 1/2-1/2

[Event "46th OKU-B 2019"]
[Site "Utrecht"]
[Date "2019.05.31"]
[Round "1.2"]
[White "Loots, Ewoud"]
[Black "Aguado Garcia, Pablo"]
[Result "0-1"]
[ECO "C65"]
[WhiteElo "1725"]
[BlackElo "1890"]
[Annotator "NA RC"]
[PlyCount "48"]
[EventDate "2019.05.31"]
[EventType "swiss"]
[EventCountry "NED"]
[SourceTitle "playchess.com"]
[Source "ChessBase"]
[SourceQuality "1"]
[TimeControl "6600+10"]

1. e4 e5 2. Nf3 Nc6 3. Bb5 Nf6 4. d3 Bc5 5. c3 d6 6. O-O O-O 7. Bg5 Qe7 {[%emt 0:07:10] C65: Ruy Lopez: Berlin Defence (3...Nf6), unusual lines and 4 0-0 Bc5} (7... h6 8. Bh4 g5 9. Bg3 Bb6 10. Nbd2 g4 11. Nh4 Nh5 12. Nc4 Qg5 13. Qc1 Ne7 14. Nxb6 axb6 15. f3 {1-0 (54) Ivanchuk,V (2726)-Le,Q (2737) Huaian 2017}) 8. h3 Nd8 9. d4 Bb6 10. d5 h6 11. Bxf6 Qxf6 12. c4 $146 ({Predecessor:} 12. Bd3 g6 13. Nbd2 a6 14. Nc4 Ba7 15. Ne3 {0-1 (44) Tuomala,T-Hintikka,E Helsinki 1989}) 12... Qg6 13. Nc3 Bxh3 14. Ne1 f5 15. Qd3 Bg4 16. Ba4 Nf7 17. Bc2 f4 18. Bd1 Bd7 19. Nf3 $1 $11 {[%emt 0:04:52] and White stays safe.} Qg3 20. Ne2 Qg6 $2 (20... Qg4 $19 21. Nc3 Qg6) 21. Rc1 $2 a5 22. a3 $2 (22. Nc3 {might work better.}) 22... a4 $19 23. Nc3 Ng5 24. Nxg5 hxg5 0-1

[Event "46th OKU-B 2019"]
[Site "Utrecht"]
[Date "2019.05.31"]
[Round "1.3"]
[White "Rookus, Sjoerd"]
[Black "Van Nie, Pjotr"]
[Result "0-1"]
[ECO "A00"]
[WhiteElo "1815"]
[BlackElo "1487"]
[Annotator "NA RC"]
[PlyCount "72"]
[EventDate "2019.05.31"]
[EventType "swiss"]
[EventCountry "NED"]
[SourceTitle "playchess.com"]
[Source "ChessBase"]
[SourceQuality "1"]
[TimeControl "6600+10"]

1. b4 Nf6 2. Bb2 d6 3. g3 e5 4. Bg2 g6 5. e3 Bg7 6. Ne2 c6 7. d4 exd4 8. Bxd4 c5 9. bxc5 dxc5 10. Bxc5 Qxd1+ 11. Kxd1 Ng4 12. e4 Bxa1 13. c3 Be6 14. h3 Nd7 15. Bd4 Ngf6 16. a3 O-O 17. Kc2 Bc4 18. Nf4 g5 19. Nd3 Rac8 20. Nd2 Bxd3+ 21. Kxd3 Bb2 22. Nb1 Nc5+ 23. Kc2 {[%emt 0:07:20] [#]} Bxc3 $1 24. Nxc3 Ncxe4 25. Kb2 Nxc3 26. Bxf6 Na4+ 27. Ka1 Rc2 28. Bxb7 Rxf2 29. Bd4 Rd2 30. Be3 Rd3 {[%emt 0:02:22] Double Attack} 31. Bc1 Rxg3 32. Bc6 Nc3 33. h4 gxh4 34. Bf4 Rg6 $19 35. Bd7 Rg2 36. Rxh4 Ra2# 0-1

[Event "46th OKU-B 2019"]
[Site "Utrecht"]
[Date "2019.05.31"]
[Round "1.4"]
[White "Houpst, Christiaan"]
[Black "Flohr, Ron"]
[Result "0-1"]
[ECO "D02"]
[WhiteElo "1712"]
[BlackElo "1883"]
[Annotator "NA RC"]
[PlyCount "128"]
[EventDate "2019.05.31"]
[EventType "swiss"]
[EventCountry "NED"]
[SourceTitle "playchess.com"]
[Source "ChessBase"]
[SourceQuality "1"]
[TimeControl "6600+10"]

1. d4 d5 2. Nf3 Bg4 3. e3 Nd7 4. Be2 e6 5. Nbd2 Ngf6 6. Ne5 {[%emt 0:01:31] D02: 1 d4 d5 2 Nf3 sidelines, including 2...Nf6 3 g3 and 2...Nf6 3 Bf4} (6. O-O Bd6 7. c4 c6 8. b3 O-O 9. Bb2 Qe7 10. Ne5 Bxe2 11. Qxe2 Ba3 12. Nxd7 Nxd7 13. Bc3 Bb4 14. Bxb4 Qxb4 15. a3 Qe7 16. e4 dxe4 17. Nxe4 Rfd8 {½-½ (17) Bruno,F (2437)-Godena,M (2548) Perugia 2011}) 6... Bf5 7. g4 $146 ({Predecessor:} 7. f4 Nxe5 8. fxe5 Ne4 9. O-O h5 10. Nxe4 Bxe4 11. Bf3 Bf5 12. c3 g5 13. Be2 {0-1 (55) MacNevin,D (1456)-Xiong,W (1595) Ottawa 2009}) 7... Be4 8. f3 Bg6 9. Nxg6 hxg6 10. g5 Ng8 11. f4 Bd6 12. Nf3 Ne7 13. Bd3 c5 14. c3 c4 15. Bc2 Qc7 16. Ne5 Bxe5 17. fxe5 f5 18. Qf3 O-O-O 19. Bd2 Rh4 20. O-O-O Rdh8 21. h3 b5 22. Rdg1 a5 23. Be1 R4h7 24. Rg2 Nb6 25. Rgh2 Nc6 26. h4 Qe7 27. Qg2 b4 28. Bd1 bxc3 29. bxc3 Kc7 30. h5 gxh5 31. g6 Rh6 32. Bh4 Qa3+ 33. Qb2 Qxb2+ 34. Kxb2 Rxg6 35. a4 Rgh6 36. Rg2 Rg8 37. Rhg1 g6 38. Bg5 {[%emt 0:01:57] [#]} Rh7 $1 39. Bf6 h4 40. Ka3 (40. Rh2 $17 {keeps fighting.}) 40... h3 41. Rh2 Nd7 42. Bg5 Rb8 (42... Nd8 $19 {has better winning chances.} 43. Bxd8+ Kxd8) 43. Bc2 (43. Rg3 $17 {was called for.}) 43... Rh5 ({Black should play} 43... Nf8 $19 44. Rg3 Nd8) 44. Rg3 Rbh8 45. Bd1 R5h7 46. Bf6 Rg8 47. Bg5 Rgh8 $2 (47... Nd8 $19 48. Rgxh3 Rxh3 49. Rxh3 Nf7) 48. Bf6 $1 Nxf6 49. exf6 Rh6 50. f7 Rf8 51. Rgxh3 Rxh3 52. Rxh3 Rxf7 53. Rh6 Ne7 54. Kb2 Rg7 $19 55. Kc2 Kd6 56. Kd2 e5 57. dxe5+ Kxe5 58. Be2 Ng8 59. Rh1 g5 60. Rb1 Nf6 61. Rb5 Ra7 62. Bxc4 g4 63. Bf1 Ne4+ 64. Kd3 Rc7 {[%emt 0:00:27] Kd4+ [%emt 00:01:22]} 0-1

[Event "46th OKU-B 2019"]
[Site "Utrecht"]
[Date "2019.05.31"]
[Round "1.5"]
[White "Van de Lagemaat, Arend"]
[Black "Eefting, Martijn"]
[Result "0-1"]
[WhiteElo "1855"]
[BlackElo "1683"]
[Annotator "NA"]
[PlyCount "20"]
[EventDate "2019.05.31"]
[EventType "swiss"]
[EventCountry "NED"]
[SourceTitle "playchess.com"]
[Source "ChessBase"]
[SourceQuality "1"]
[TimeControl "6600+10"]

1. e4 c5 2. Nf3 g6 3. d4 cxd4 4. Nxd4 Bg7 5. c4 Nc6 6. Be3 d6 7. Nc3 Nxd4 8. Bxd4 Nf6 9. Be2 O-O 10. O-O a5 0-1

[Event "46th OKU-B 2019"]
[Site "Utrecht"]
[Date "2019.05.31"]
[Round "1.6"]
[White "Arnold, Kiri"]
[Black "Van Oosten, Jaap"]
[Result "0-1"]
[ECO "C42"]
[WhiteElo "1304"]
[BlackElo "1939"]
[Annotator "NA RC"]
[PlyCount "130"]
[EventDate "2019.05.31"]
[EventType "swiss"]
[EventCountry "NED"]
[SourceTitle "playchess.com"]
[Source "ChessBase"]
[SourceQuality "1"]
[TimeControl "6600+10"]

1. e4 e5 2. d4 exd4 3. c3 d5 4. exd5 Qxd5 5. cxd4 Nf6 6. Nc3 Qd8 7. Nf3 Be7 8. Bc4 O-O 9. O-O c6 10. Re1 Nbd7 11. Bg5 h6 12. Bh4 Nb6 13. Bb3 Nfd5 14. Bxe7 Nxe7 15. Qd2 Ned5 16. h3 Be6 17. Rad1 Qf6 18. Ne4 Qf4 19. Nc5 Qf6 20. Ne4 Qf4 21. Nc5 Qxd2 22. Rxd2 Bc8 23. Rde2 Nd7 (23... Nf4 $11) 24. Re8 (24. Bxd5 $16 cxd5 25. Re7) 24... Nxc5 25. dxc5 Be6 26. Rxa8 Rxa8 27. Nd4 Re8 (27... Rd8 $11) 28. Nf5 ({White should play} 28. Bxd5 $16 cxd5 29. b4) 28... Kf8 29. Nd6 Rb8 30. Kf1 g6 31. h4 h5 32. g3 Ke7 33. Ne4 (33. Bxd5 $5 cxd5 34. Nb5 $11) 33... Rd8 34. Ng5 b6 35. cxb6 axb6 36. Kg2 Kd6 {[%emt 0:01:12] [#]} 37. Rd1 $2 (37. Rxe6+ $1 $18 fxe6 38. Nf7+ {[%mdl 64] Double Attack} Ke7 39. Nxd8 Kxd8 40. Bc2) 37... Kc7 38. Re1 Kd6 39. Rd1 Ke7 40. Re1 Nc7 41. Bxe6 Nxe6 42. Nxe6 fxe6 43. Re2 Kf6 44. a3 e5 45. Kf3 Kf5 46. Kg2 Rd3 47. Rc2 c5 48. Re2 (48. a4 $1 $11 {keeps the balance.}) 48... e4 49. Kg1 Ke5 50. Kf1 {[%emt 0:00:21] [#]} Kd4 $1 51. Rc2 b5 52. Ke2 c4 53. Kf1 (53. Rd2 $142) 53... e3 54. fxe3+ $19 Kxe3 55. Re2+ Kf3 56. Rf2+ Kxg3 57. Rg2+ Kxh4 58. Rxg6 Rb3 59. Ke1 Rxb2 60. Kd1 Rb3 61. Ra6 Kh3 62. Kc2 h4 63. Ra5 Kg2 64. Ra8 h3 65. Rg8+ Rg3 0-1

[Event "46th OKU-B 2019"]
[Site "Utrecht"]
[Date "2019.05.31"]
[Round "1.7"]
[White "Krouwel, Robert"]
[Black "Aldenberg, Hendrik"]
[Result "1/2-1/2"]
[ECO "A46"]
[WhiteElo "1841"]
[BlackElo "1697"]
[Annotator "NA RC"]
[PlyCount "76"]
[EventDate "2019.05.31"]
[EventType "swiss"]
[EventCountry "NED"]
[SourceTitle "playchess.com"]
[Source "ChessBase"]
[SourceQuality "1"]
[TimeControl "6600+10"]

1. d4 Nf6 2. Nf3 e6 3. e3 c5 4. Bd3 Qc7 5. c3 b6 6. Nbd2 g6 7. O-O Bg7 8. e4 O-O 9. Re1 Ba6 10. Bxa6 Nxa6 11. Nf1 cxd4 12. cxd4 Nb4 13. Bg5 Qc2 14. a3 Qxd1 15. Raxd1 $11 (15. Rc1 $2 ) 15... Nc6 16. Ng3 $19 (16. e5) 16... d5 17. Bxf6 Bxf6 18. e5 Be7 19. Ne2 Rac8 20. Rc1 Na5 21. Nd2 Nc4 22. Nxc4 Rxc4 23. Rxc4 dxc4 24. Nc3 Rd8 25. Rd1 a6 26. f4 f5 27. Kf2 Kf7 28. Ke3 b5 29. d5 Bc5+ 30. Ke2 exd5 31. Nxd5 a5 32. e6+ Ke8 33. Nc7+ Ke7 34. Rxd8 Kxd8 35. Nxb5 Ke7 36. h3 Kxe6 37. g4 Kd5 38. Kf3 Bb6 1/2-1/2

[Event "46th OKU-B 2019"]
[Site "Utrecht"]
[Date "2019.05.31"]
[Round "1.8"]
[White "Van Aken, Jelmer"]
[Black "Mensing, Adrian"]
[Result "1-0"]
[ECO "B06"]
[WhiteElo "1698"]
[BlackElo "1938"]
[Annotator "NA RC"]
[PlyCount "59"]
[EventDate "2019.05.31"]
[EventType "swiss"]
[EventCountry "NED"]
[SourceTitle "playchess.com"]
[Source "ChessBase"]
[SourceQuality "1"]
[TimeControl "6600+10"]

1. e4 g6 2. d4 Bg7 3. Nf3 d6 4. Be3 a6 (4... Nf6 5. Nc3 O-O 6. Qd2 Nc6 7. d5 Nb4 8. a3 Na6 9. Bxa6 bxa6 10. Bh6 c6 11. Bxg7 Kxg7 12. O-O Qb6 13. Rab1 cxd5 14. exd5 {0-1 (31) Giri,A (2782)-Aronian,L (2767) chess.com INT 2018}) 5. h3 b5 6. c4 {[%emt 0:01:41] B06: Modern Defence} c6 7. Be2 $146 ({Predecessor:} 7. a4 bxc4 8. Bxc4 d5 9. Bd3 dxe4 10. Bxe4 Nf6 11. Bd3 Nd5 12. O-O {0-1 (48) Grekhov,L (1899)-Vazhenin,A (2138) Ekaterinburg 2018}) 7... Nd7 8. O-O Bb7 9. Nbd2 Qc7 10. Qc2 Rc8 11. Rac1 b4 12. a3 a5 13. axb4 axb4 14. c5 Ngf6 15. Qb3 Rb8 16. Ra1 ({Not} 16. Qxb4 Ba6 $15 {[%mdl 64] Discovered Attack}) (16. cxd6 $142 exd6 17. Bf4) 16... Bc8 (16... O-O $142 17. Ra4 dxc5) 17. Ra4 dxc5 18. dxc5 O-O 19. Rxb4 Rxb4 20. Qxb4 Ne5 21. Nd4 Bd7 $2 (21... Bb7 {might work better.} 22. Ra1 Ra8 23. Rxa8+ Bxa8) 22. f4 Nh5 23. Bxh5 ({But not} 23. fxe5 Ng3 $18) 23... gxh5 24. fxe5 Qxe5 25. Rf3 Ra8 26. Qb7 {[%emt 0:03:15] Double Attack} Ra1+ 27. Kf2 Be8 {[%emt 0:03:06] [#]} 28. Qc8 $1 Qh2 29. Qxe8+ {[%emt 0:00:13] Double Attack} Bf8 30. Qxf7+ {[%emt 0:00:11] Double Attack} 1-0

[Event "46th OKU-B 2019"]
[Site "Utrecht"]
[Date "2019.06.01"]
[Round "2.1"]
[White "Aguado Garcia, Pablo"]
[Black "Heinen, Frank"]
[Result "1-0"]
[ECO "C44"]
[WhiteElo "1890"]
[BlackElo "1768"]
[Annotator "NA"]
[PlyCount "106"]
[EventDate "2019.05.31"]
[EventType "swiss"]
[EventCountry "NED"]
[SourceTitle "playchess.com"]
[Source "ChessBase"]
[SourceQuality "1"]
[TimeControl "6600+10"]

1. e4 e5 2. Nf3 Nc6 3. c3 Nf6 4. d4 d5 5. Bb5 Nxe4 6. Nxe5 Bd7 7. Nxd7 Qxd7 8. Qe2 O-O-O 9. Be3 f5 10. Nd2 Qd6 11. O-O-O Kb8 12. Qf3 $11 (12. f3 $14 Nf6 13. g3) 12... Qg6 13. Bxc6 Qxc6 14. Kb1 g6 15. Bf4 Bd6 16. Rhe1 Bxf4 17. Qxf4 Rhf8 18. Nf3 Qf6 19. Ne5 g5 20. Qf3 Qh6 21. Qe3 f4 22. Qe2 Qf6 23. f3 Nd6 24. Ng4 Qf5+ 25. Qc2 Qxc2+ 26. Kxc2 Nf5 27. Rd2 h5 28. Ne5 Ne3+ 29. Kc1 h4 30. h3 Kc8 31. Ng4 Nxg4 32. hxg4 Rde8 33. Rde2 Kd7 34. Re5 c6 35. Kc2 Rxe5 36. Rxe5 h3 37. gxh3 Rh8 38. Rxg5 Rxh3 39. Rg7+ Kc8 40. Kd2 Rxf3 41. Ke2 Rh3 42. Rf7 Rh2+ 43. Kf3 Rxb2 44. g5 Rxa2 45. g6 Ra1 46. Kxf4 Rf1+ 47. Ke5 Re1+ 48. Kf6 Rf1+ 49. Ke6 Re1+ 50. Kd6 Re8 51. g7 Rd8+ 52. Ke6 Re8+ 53. Kf6 Rg8 1-0

[Event "46th OKU-B 2019"]
[Site "Utrecht"]
[Date "2019.06.01"]
[Round "2.2"]
[White "Flohr, Ron"]
[Black "Waardenburg, Feline"]
[Result "1-0"]
[ECO "A45"]
[WhiteElo "1883"]
[BlackElo "1761"]
[Annotator "NA"]
[PlyCount "47"]
[EventDate "2019.05.31"]
[EventType "swiss"]
[EventCountry "NED"]
[SourceTitle "playchess.com"]
[Source "ChessBase"]
[SourceQuality "1"]
[TimeControl "6600+10"]

1. d4 Nf6 2. Bg5 e6 3. Nd2 d5 4. f3 Be7 5. c3 Nbd7 6. e4 dxe4 7. fxe4 c5 8. Be3 Qb6 9. Rb1 Qc6 10. Bd3 b6 11. Qf3 Bb7 12. Ne2 Qa4 13. O-O Rf8 14. b3 Qc6 15. c4 cxd4 16. Nxd4 Qd6 17. Qe2 Nc5 18. Bc2 Ncxe4 19. Nb5 Qb8 $2 (19... Qe5 $16) 20. Nxe4 Nxe4 21. Bf4 $18 Bc5+ 22. Kh1 Nf2+ 23. Rxf2 Bxg2+ 24. Kxg2 1-0

[Event "46th OKU-B 2019"]
[Site "Utrecht"]
[Date "2019.06.01"]
[Round "2.3"]
[White "De Dreu, Dies"]
[Black "Van de Lagemaat, Arend"]
[Result "0-1"]
[ECO "B38"]
[WhiteElo "1761"]
[BlackElo "1855"]
[Annotator "NA"]
[PlyCount "76"]
[EventDate "2019.05.31"]
[EventType "swiss"]
[EventCountry "NED"]
[SourceTitle "playchess.com"]
[Source "ChessBase"]
[SourceQuality "1"]
[TimeControl "6600+10"]

1. d4 Nf6 2. Nf3 g6 3. c4 Bg7 4. Nc3 d6 5. e4 O-O 6. Be2 c5 7. O-O cxd4 8. Nxd4 Nc6 9. Be3 Nxd4 10. Bxd4 $14 a5 11. f3 Nd7 12. Bxg7 Kxg7 13. Qd4+ Kg8 14. Nd5 Nc5 15. Rfd1 Bd7 16. e5 Ne6 17. Qe3 Bc6 18. Nb6 Rb8 19. Rd2 Nc5 20. Nd5 Bxd5 21. Rxd5 Qb6 22. Qd4 Rbd8 23. Rd1 Rfe8 24. h4 Qc7 25. exd6 exd6 26. Bf1 Ne6 27. Qd2 Qe7 28. g3 Qf6 29. Bg2 Ng7 30. b3 Nf5 31. Rd3 Nxg3 32. Rxd6 Rxd6 33. Qxd6 Ne2+ 34. Kf1 Qxh4 35. Qd7 Re7 36. Qg4 Qf6 37. Rd2 Qa1+ 38. Kf2 Qg1# 0-1

[Event "46th OKU-B 2019"]
[Site "Utrecht"]
[Date "2019.06.01"]
[Round "2.4"]
[White "Scholten, Marcel"]
[Black "Weise, Daniel"]
[Result "1-0"]
[ECO "D32"]
[WhiteElo "1747"]
[BlackElo "1844"]
[Annotator "NA"]
[PlyCount "139"]
[EventDate "2019.05.31"]
[EventType "swiss"]
[EventCountry "NED"]
[SourceTitle "playchess.com"]
[Source "ChessBase"]
[SourceQuality "1"]
[TimeControl "6600+10"]

1. d4 d5 2. Nf3 Nf6 3. Bg5 e6 4. e3 c5 5. c4 Nc6 6. cxd5 exd5 7. Nc3 Be6 8. Rc1 cxd4 9. Nxd4 a6 10. Nxe6 fxe6 11. Be2 Be7 $11 12. O-O O-O 13. Qb3 Na5 14. Qa4 b5 15. Qd4 Nc6 16. Qd2 Rc8 17. Bd3 Ne5 18. Bb1 Ne4 19. Nxe4 Rxc1 20. Rxc1 Bxg5 21. Nc5 Qd6 22. f4 Bxf4 23. exf4 Nc4 24. Qf2 Rxf4 25. Nb7 Rxf2 26. Nxd6 Rxb2 27. Nb7 e5 28. Nc5 Nd2 29. Bf5 Nc4 30. Nxa6 Rxa2 31. Nb4 Rd2 32. Be6+ Kf8 33. Nxd5 g6 34. Rb1 Rb2 35. Rxb2 Nxb2 36. Bd7 Nc4 37. Bxb5 Nd6 38. Bc6 Kg7 39. Kf2 g5 40. Nc3 Kg6 41. Be4+ Kg7 42. Kf3 h5 43. h3 Kh6 44. Nd5 g4+ 45. hxg4 hxg4+ 46. Ke3 Kg5 47. g3 Nc4+ 48. Kd3 Nd6 49. Nb6 Kf6 50. Nd5+ Ke6 51. Ne3 Ne8 52. Nxg4 Nd6 53. Bh7 Nb5 54. Ne3 Nd6 55. Nc4 Ne8 56. Ke3 Nf6 57. Bc2 Kd5 58. Nd2 Ng4+ 59. Kf3 Nh2+ 60. Kg2 Ng4 61. Be4+ Ke6 62. Kh3 Nf6 63. Kh4 Ne8 64. Kg5 Nd6 65. Bc2 Nf7+ 66. Kg6 Nd6 67. Ne4 Ne8 68. Bb3+ Ke7 69. g4 Nc7 70. Kf5 1-0

[Event "46th OKU-B 2019"]
[Site "Utrecht"]
[Date "2019.06.01"]
[Round "2.5"]
[White "Boittin, Pascal"]
[Black "Bons, Maurits"]
[Result "1-0"]
[ECO "C18"]
[WhiteElo "1838"]
[BlackElo "1744"]
[Annotator "NA"]
[PlyCount "71"]
[EventDate "2019.05.31"]
[EventType "swiss"]
[EventCountry "NED"]
[SourceTitle "playchess.com"]
[Source "ChessBase"]
[SourceQuality "1"]
[TimeControl "6600+10"]

1. e4 e6 2. d4 d5 3. Nc3 Bb4 4. e5 c5 5. a3 Bxc3+ 6. bxc3 Ne7 7. Qg4 Nbc6 8. Qxg7 Rg8 9. Qxh7 cxd4 10. f4 $14 dxc3 11. Ne2 d4 12. Qd3 Qb6 13. Ng3 Nd5 14. Ne4 Bd7 15. h4 Ke7 16. h5 Raf8 17. h6 f6 18. h7 Rh8 19. Qg3 Be8 20. exf6+ Kd7 21. f5 Nd8 22. Qe5 Bf7 23. a4 exf5 24. Bb5+ Nc6 25. Qd6+ Kc8 26. Nc5 Rd8 27. Nxb7 Rxd6 28. Nxd6+ Kc7 29. Nxf7 Re8+ 30. Kf1 a6 31. Bd3 Nxf6 32. Bf4+ Kb7 33. Nd6+ Ka7 34. Nxe8 Nxh7 35. Rxh7+ Ka8 36. Nc7+ 1-0

[Event "46th OKU-B 2019"]
[Site "Utrecht"]
[Date "2019.06.01"]
[Round "2.6"]
[White "Van den Belt, Peter"]
[Black "Manschot, Thomas"]
[Result "1/2-1/2"]
[ECO "C17"]
[WhiteElo "1737"]
[BlackElo "1803"]
[Annotator "NA"]
[PlyCount "117"]
[EventDate "2019.05.31"]
[EventType "swiss"]
[EventCountry "NED"]
[SourceTitle "playchess.com"]
[Source "ChessBase"]
[SourceQuality "1"]
[TimeControl "6600+10"]

1. e4 e6 2. d4 d5 3. Nc3 Bb4 4. e5 c5 5. Bd2 Nh6 6. Nb5 Bxd2+ $1 7. Qxd2 O-O $1 8. f4 a6 9. Nd6 $15 cxd4 10. Nf3 f6 11. Nxc8 Qxc8 12. Bd3 Nc6 13. O-O fxe5 14. fxe5 Qc7 15. Qg5 Nf7 16. Qh5 Nh6 17. Bxh7+ Kh8 18. Bd3 Rxf3 19. Rxf3 Nxe5 20. Rf2 Kg8 21. h3 Nxd3 22. cxd3 Nf5 23. Rxf5 exf5 24. Qxf5 Qd6 25. Re1 Rf8 26. Qg5 Rc8 27. Qg4 Qc5 28. Qe6+ Kh7 29. Qf5+ Kg8 30. Qe6+ Kh7 31. Qf7 b5 32. Re7 Qc1+ 33. Kh2 Qh6 34. Qf5+ Qg6 35. Qxd5 Qf6 36. Re4 Rd8 37. Qh5+ Qh6 38. Qf5+ Kg8 39. Re6 Qh4 40. Re4 Qf6 41. Qh5 Qd6+ 42. Kg1 Qh6 43. Qe5 Qd6 44. Qg5 Qf6 45. Qc5 Qd6 46. Re8+ Kf7 47. Qh5+ Kf6 48. Rxd8 Qxd8 49. Qh4+ g5 50. Qh6+ Kf5 51. Qh7+ Kf6 52. Qh6+ Kf5 53. Qc6 Qe7 54. Qf3+ Kg6 55. Qc6+ Kg7 56. Qd5 Qe3+ 57. Kh1 Qc1+ 58. Kh2 Qf4+ 59. Kg1 1/2-1/2

[Event "46th OKU-B 2019"]
[Site "Utrecht"]
[Date "2019.06.01"]
[Round "2.7"]
[White "Van Nie, Pjotr"]
[Black "Wagenaar, Harm Theo"]
[Result "1-0"]
[ECO "D02"]
[WhiteElo "1487"]
[BlackElo "1800"]
[Annotator "NA"]
[PlyCount "77"]
[EventDate "2019.05.31"]
[EventType "swiss"]
[EventCountry "NED"]
[SourceTitle "playchess.com"]
[Source "ChessBase"]
[SourceQuality "1"]
[TimeControl "6600+10"]

1. d4 d5 2. Bf4 Nf6 3. e3 c6 4. c3 Bf5 5. Nd2 e6 6. Ngf3 h6 7. Ne5 Nbd7 8. Be2 Nxe5 9. Bxe5 Bd6 10. Bxd6 Qxd6 11. Nf3 $11 O-O 12. O-O b6 13. Ne5 c5 14. Bf3 Rac8 15. Rc1 Rfd8 16. Re1 Rc7 17. Qa4 Rdc8 18. Be2 c4 19. a3 Ne8 20. Qb4 f6 21. Qxd6 Nxd6 22. Nf3 b5 23. Ra1 Rb8 24. Nd2 a5 25. f3 b4 26. axb4 axb4 27. Ra6 bxc3 28. bxc3 Rb2 29. Rxd6 Rxd2 30. g4 Bg6 31. Rxe6 Rc2 32. Rd6 Bf7 33. e4 dxe4 34. fxe4 Rxc3 35. d5 Rc8 36. Rc6 Rxc6 37. dxc6 Re3 38. c7 Be6 39. c8=Q+ {[%emt 0:00:08] Bf7 [%clk 00:05:48] [%emt 00:00:20]} 1-0

[Event "46th OKU-B 2019"]
[Site "Utrecht"]
[Date "2019.06.01"]
[Round "2.8"]
[White "Van Aken, Jelmer"]
[Black "Wallace, Mitchel"]
[Result "1-0"]
[ECO "B07"]
[WhiteElo "1698"]
[BlackElo "1798"]
[Annotator "NA"]
[PlyCount "67"]
[EventDate "2019.05.31"]
[EventType "swiss"]
[EventCountry "NED"]
[SourceTitle "playchess.com"]
[Source "ChessBase"]
[SourceQuality "1"]
[TimeControl "6600+10"]

1. e4 d6 2. d4 Nf6 3. Nc3 Nbd7 4. Be3 e5 5. Bc4 c6 6. Bb3 Be7 7. Nf3 h6 8. Qe2 Qc7 9. h3 a5 10. a4 Nf8 11. O-O-O b6 12. Qc4 Ne6 13. Qe2 Ba6 14. Bc4 Bxc4 15. Qxc4 O-O 16. g4 exd4 17. Nxd4 Nxd4 18. Rxd4 Qb7 19. Bf4 Nxe4 20. Rxe4 d5 21. Rxe7 Qxe7 22. Qxc6 Rac8 23. Nxd5 Qe2 24. Bc7 Rfe8 25. Nxb6 Re6 26. Qd7 Rce8 27. Rd1 Qxf2 28. Nc4 Qc5 29. Nd6 R6e7 30. Qb5 Qe3+ 31. Kb1 Re5 32. Qxe8+ Rxe8 33. Nxe8 Qxe8 34. Rd8 1-0

[Event "46th OKU-B 2019"]
[Site "Utrecht"]
[Date "2019.06.01"]
[Round "3.1"]
[White "Boittin, Pascal"]
[Black "Aguado Garcia, Pablo"]
[Result "1/2-1/2"]
[ECO "C67"]
[WhiteElo "1838"]
[BlackElo "1890"]
[Annotator "NA"]
[PlyCount "49"]
[EventDate "2019.05.31"]
[EventType "swiss"]
[EventCountry "NED"]
[SourceTitle "playchess.com"]
[Source "ChessBase"]
[SourceQuality "1"]
[TimeControl "6600+10"]

1. e4 e5 2. Nf3 Nc6 3. Bb5 Nf6 4. O-O Nxe4 5. Re1 Nd6 6. Nxe5 Be7 7. Bf1 Nxe5 8. Rxe5 O-O 9. d4 Bf6 10. Re1 Nf5 11. c3 d5 12. Nd2 $11 Nh4 13. Bd3 Bf5 14. Bxf5 Nxf5 15. Nf3 Nh4 16. Bf4 Nxf3+ 17. Qxf3 Qd7 18. Re2 Rae8 19. Rae1 Rxe2 20. Qxe2 c6 21. Kf1 Rd8 22. h3 Qc8 23. Bc7 Rf8 24. Bd6 Rd8 25. Bc7 1/2-1/2

[Event "46th OKU-B 2019"]
[Site "Utrecht"]
[Date "2019.06.01"]
[Round "3.2"]
[White "Cheng, Di"]
[Black "Flohr, Ron"]
[Result "0-1"]
[ECO "D08"]
[WhiteElo "1391"]
[BlackElo "1883"]
[Annotator "NA"]
[PlyCount "74"]
[EventDate "2019.05.31"]
[EventType "swiss"]
[EventCountry "NED"]
[SourceTitle "playchess.com"]
[Source "ChessBase"]
[SourceQuality "1"]
[TimeControl "6600+10"]

1. d4 d5 2. c4 e5 3. dxe5 d4 4. Nf3 Nc6 5. e3 Bb4+ 6. Bd2 dxe3 7. fxe3 Bg4 8. Be2 Qe7 9. O-O O-O-O 10. Nd4 Bxe2 11. Nxc6 Bxd1 12. Nxe7+ Bxe7 13. Rxd1 Nh6 14. Nc3 Ng4 15. Nd5 $15 (15. e6 $5) 15... Bg5 16. Bc3 c6 17. Nf4 Nxe3 18. Rxd8+ Rxd8 19. Nh3 Be7 20. Kf2 Nxc4 21. Ke2 f6 22. Nf4 fxe5 23. Ne6 Rg8 24. b3 Kd7 25. bxc4 Kxe6 26. Rb1 b6 27. Ke3 Rf8 28. g3 Bc5+ 29. Ke4 Rf2 30. Rb2 Rf1 31. Re2 Bd6 32. Bd2 h5 33. Bg5 Bc5 34. Bd2 Bd4 35. Bg5 Kd6 36. Bd8 Rc1 37. Kd3 Rc3+ {[%emt 0:00:17] Kxd4 [%emt 00:03:10]} 0-1

[Event "46th OKU-B 2019"]
[Site "Utrecht"]
[Date "2019.06.01"]
[Round "3.3"]
[White "Van de Lagemaat, Arend"]
[Black "Van Nie, Pjotr"]
[Result "1-0"]
[ECO "B06"]
[WhiteElo "1855"]
[BlackElo "1487"]
[Annotator "NA"]
[PlyCount "67"]
[EventDate "2019.05.31"]
[EventType "swiss"]
[EventCountry "NED"]
[SourceTitle "playchess.com"]
[Source "ChessBase"]
[SourceQuality "1"]
[TimeControl "6600+10"]

1. e4 g6 2. Bc4 Bg7 3. Nc3 c5 4. Nge2 Nc6 5. a3 d6 6. d3 $11 Nf6 7. Ng3 Nd4 8. h4 h5 9. Bg5 a6 10. f4 Bg4 11. Qd2 Nh7 12. f5 Nxg5 13. hxg5 gxf5 14. O-O e6 15. exf5 Nxf5 16. Nxf5 Bxf5 17. Rxf5 exf5 18. Re1+ Be5 19. Nd5 Kf8 20. c3 Rg8 21. d4 Bh8 22. Re7 Rg6 23. Qf4 b5 24. Be2 Re6 25. Rxf7+ Kxf7 26. Qxf5+ Bf6 27. Bxh5+ Kg7 28. Qg6+ Kh8 29. Qh6+ Kg8 30. gxf6 Ra7 31. f7+ Rxf7 32. Qxe6 Qf8 33. Qxf7+ Qxf7 34. Bxf7+ 1-0